 Dungeon Crawl Stone Soup version 0.20.1-1-g8b1a95d (webtiles) character file.

7848 Vorkas the Cleaver (level 11, -5/110 HPs)
             Began as a Deep Dwarf Fighter on Aug 9, 2017.
             Was an Elder of Okawaru.
             Slain by a komodo dragon (22 damage)
             ... on level 1 of the Lair of Beasts.
             The game lasted 00:28:01 (8019 turns).

Vorkas the Cleaver (Deep Dwarf Fighter)             Turns: 8019, Time: 00:28:02

Health: -5/110     AC: 17    Str: 20    XL:     11   Next: 2%
Magic:  12/12      EV:  7    Int: 10    God:    Okawaru [****..]
Gold:   389        SH:  9    Dex: 12    Spells: 10/10 levels left

rFire    . . .     SeeInvis .   F - +2 long sword (vamp)
rCold    . . .     Gourm    .   c - +0 shield
rNeg     . . .     Faith    .   O - +0 plate armour
rPois    .         Spirit   .   (no helmet)
rElec    .         Reflect  .   i - +0 cloak
rCorr    .         Harm     .   (no gloves)
MR       ++...                  L - +1 pair of boots
Stlth    ..........             H - amulet of magic regeneration
Regen    0.0/turn               s - ring of protection from magic
MPRegen  0.2/turn               S - ring of flight

@: non-regenerating
A: damage resistance, heal wounds, clumsy 1, sense surroundings 2, robust 1, no
regeneration
a: Heal Wounds, Heroism, Renounce Religion, Evoke Flight


You were on level 1 of the Lair of Beasts.
You worshipped Okawaru.
Okawaru was greatly pleased with you.
You were not hungry.

You visited 3 branches of the dungeon, and saw 11 of its levels.
You also visited: Sewer.

You collected 389 gold pieces.

Inventory:

Hand Weapons
 F - a +2 vampiric long sword (weapon)
 U - a cursed -2 battleaxe
Missiles
 j - 47 poisoned needles
Armour
 c - a +0 shield (worn)
 i - a +0 cloak (worn)
 L - a +1 pair of boots (worn)
 O - a +0 plate armour (worn)
Jewellery
 s - a ring of protection from magic (left hand)
 H - an amulet of magic regeneration (around neck)
 R - an uncursed ring of loudness
 S - a ring of flight (right hand)
Wands
 b - a wand of polymorph (11/24)
 t - a wand of polymorph (3/24)
 w - a wand of digging (11/24)
 y - a wand of iceblast (0/15)
 I - a wand of digging (10/24)
 T - a wand of random effects (21/48)
Scrolls
 h - a scroll of enchant armour
 k - 2 scrolls of fog {unknown}
 m - 3 scrolls of recharging
 o - 3 scrolls of enchant weapon
 p - 5 scrolls of teleportation
 q - 6 scrolls of remove curse
 E - a scroll of immolation
 G - 2 scrolls of fear {unknown}
 K - 4 scrolls of identify
 M - a scroll of summoning {unknown}
 N - 3 scrolls of blinking {unknown}
 P - a scroll of holy word {unknown}
 Q - a scroll of amnesia {unknown}
Potions
 d - 5 potions of might
 e - 5 potions of curing
 l - 4 potions of brilliance
 v - 2 potions of haste {unknown}
 x - 2 potions of heal wounds {unknown}
 z - 2 potions of resistance {unknown}
 A - a potion of mutation
 B - a potion of flight {unknown}
 C - a potion of degeneration {unknown}
 D - 2 potions of agility {unknown}
Books
 a - a book of Maledictions

   Spells                             Type                      Level
   a - Corona                         Hexes                        1
   b - Ensorcelled Hibernation        Hexes/Ice                    2
   c - Confuse                        Hexes                        3
   d - Tukima's Dance                 Hexes                        3
   e - Dazzling Spray                 Conjuration/Hexes            3
Comestibles
 f - 9 bread rations
 g - 5 royal jellies
 n - 3 meat rations
 r - 4 chunks of flesh
 u - 5 fruits


   Skills:
 + Level 7.0 Fighting
 + Level 11.8 Axes
 + Level 8.3 Armour
 + Level 7.3 Dodging
 - Level 3.2 Shields
 + Level 7.3 Invocations


You had 10 spell levels left.
You didn't know any spells.

Dungeon Overview and Level Annotations

Branches:
Dungeon (9/15)             Temple (1/1) D:5            Lair (1/6) D:9
    Orc: D:9-12

Altars:
Ashenzari
Cheibriados
Dithmenos
Elyvilon
Fedhas
Gozag
Hepliaklqana
Kikubaaqudgha
Makhleb
Nemelex Xobeh
Okawaru
Qazlal
Ru
Sif Muna
Trog
Uskayaw
Vehumet
Xom
Yredelemnul
Zin
The Shining One

Annotations:
D:3 exclusion: oklob plant
D:9 Paps's ghost, novice GrFi


Innate Abilities, Weirdness & Mutations

You are resistant to damage.
You can heal yourself by infusing magical energy.
You passively map the area around you.
You do not regenerate.
You are clumsy. (Dex -2)
You are robust. (+10% HP)


Message History

The spiny frog is almost dead.
You block the spiny frog's attack. The spiny frog stings you!
* * * LOW HITPOINT WARNING * * *
You are lethally poisoned!
The spiny frog poisons you!
You feel much better.
You feel sick. The spiny frog stings you.
* * * LOW HITPOINT WARNING * * *
You feel better. The spiny frog stings you!
* * * LOW HITPOINT WARNING * * *
You hit the spiny frog.
You feel better.
You kill the spiny frog!
Okawaru is honoured by your kill.
Your Fighting skill increases to level 7!
You have reached level 11!
There is a staircase back to the Dungeon here.
A komodo dragon comes into view.
The komodo dragon hisses angrily.
Found a gold piece.
You closely miss the komodo dragon. The komodo dragon bites you!!
You die...

* * ,P............# #.# *
, *, #.#..........#...# ,
$ ##,#.....#....#...#,* *
* *.. #..#.#.#.#...<....#
,
,...#..#...#...##.#.P...#
*..........#..[##...#.#.#
* ..... #.#.....##...#.#
#
**......#...#...#..#....
, ,*
......l@#.............. *
*......#.#.#...#......#.
,, .#..=,....#...##...#.#
.... .P.#.#...#*?.. , ,,
,*.#.,..#.#.#...# .. * ,
, ..,............, ,, #
#P##.#.### ##. ** * * ##
*# #


You could see a komodo dragon.

Vanquished Creatures
  A two-headed ogre (D:9)
  The ghost of ConnectionFaild the Archer, a novice CeHu (D:6)
  Pikel (D:8)
  Psyche (D:9)
  A spiny frog (Lair:1)
  A troll (D:8)
  The ghost of Fingolfin the Chopper, an amateur FoFi (D:4)
  A hippogriff (D:8)
  Sigmund (D:3)
  3 hogs (D:7)
  4 yaks
  A human (D:7)
  Menkaure (D:5)
  A water moccasin (D:7)
  2 orc warriors
  A black bear (D:6)
  A phantom (D:5)
  2 ice beasts
  4 ogres
  A centaur (D:8)
  A crocodile (D:7)
  4 big kobolds
  A bullfrog (D:6)
  6 scorpions
  A water moccasin skeleton (D:6)
  11 killer bees
  A howler monkey (D:5)
  4 crimson imps
  5 hounds
  3 orc priests
  A centaur skeleton (D:9)
  8 orc wizards
  Crazy Yiuf (D:3)
  2 iguanas
  Ijyb (D:3)
  Natasha (thrice) (D:3)
  2 worker ants
  7 gnolls
  2 howler monkey skeletons
  A howler monkey zombie (D:8)
  9 river rats (Sewer)
  14 adders
  A shadow imp (D:7)
  An ooze (D:1)
  An adder skeleton (D:8)
  2 worms
  A dart slug (D:4)
  11 leopard geckos
  38 orcs
  6 giant cockroaches
  7 hobgoblins
  20 jackals
  27 kobolds
  3 quokkas
  11 ball pythons
  7 bats
  3 frilled lizards
  17 goblins
  A jackal zombie (D:6)
  24 rats
299 creatures vanquished.

Vanquished Creatures (others)
  A jelly (D:8)
1 creature vanquished.

Grand Total: 300 creatures vanquished

Notes
Turn   | Place    | Note
-------+----------+-------------------------------------------
     0 | D:1      | Vorkas the Deep Dwarf Fighter began the quest for the Orb.
     0 | D:1      | Reached XP level 1. HP: 20/20 MP: 1/1
   180 | D:1      | Reached skill level 3 in Axes
   180 | D:1      | Reached XP level 2. HP: 18/27 MP: 2/2
   401 | D:1      | Reached skill level 4 in Axes
   401 | D:1      | Reached XP level 3. HP: 20/33 MP: 3/3
  1076 | D:2      | Found a shimmering altar of Xom.
  1078 | D:2      | Found a shimmering altar of Xom.
  1078 | D:2      | Found a burning altar of Makhleb.
  1080 | D:2      | Found a shimmering altar of Xom.
  1080 | D:2      | Found a deep blue altar of Sif Muna.
  1080 | D:2      | Found an ancient bone altar of Kikubaaqudgha.
  1296 | D:2      | Reached XP level 4. HP: 17/40 MP: 4/4
  1330 | D:2      | Reached skill level 5 in Axes
  1554 | D:3      | Noticed Sigmund
  1581 | D:3      | Killed Sigmund
  1581 | D:3      | Reached skill level 6 in Axes
  1581 | D:3      | Reached XP level 5. HP: 21/46 MP: 4/4
  1595 | D:3      | Reached XP level 6. HP: 25/55 MP: 5/5
  1597 | D:3      | Reached skill level 7 in Axes
  1691 | D:3      | Found a blossoming altar of Fedhas.
  1705 | D:3      | Noticed an oklob plant
  1767 | D:3      | Noticed Ijyb
  1793 | D:3      | Killed Ijyb
  1981 | D:3      | Noticed Natasha
  1998 | D:3      | Killed Natasha
  2120 | D:3      | Noticed Natasha
  2130 | D:3      | Killed Natasha
  2130 | D:3      | Reached skill level 1 in Dodging
  2157 | D:3      | Noticed Natasha
  2187 | D:3      | Killed Natasha
  2235 | D:3      | Found a runed door.
  2239 | D:3      | Noticed Crazy Yiuf
  2245 | D:3      | Killed Crazy Yiuf
  2319 | D:3      | Reached XP level 7. HP: 34/62 MP: 5/5
  2530 | D:4      | Reached skill level 8 in Axes
  2725 | D:4      | Found a glowing drain.
  2734 | Sewer    | Entered a sewer
  2959 | Sewer    | Reached XP level 8. HP: 45/72 MP: 6/6
  3238 | D:4      | You fall through a shaft!
  3238 | D:5      | Entered Level 5 of the Dungeon
  3407 | D:5      | Reached skill level 5 in Armour
  3470 | D:5      | Reached skill level 9 in Axes
  3678 | D:4      | Noticed Fingolfin's ghost (amateur FoFi)
  3702 | D:4      | Killed Fingolfin's ghost
  4443 | D:5      | Found a staircase to the Ecumenical Temple.
  4456 | D:5      | Reached skill level 5 in Fighting
  4463 | Temple   | Entered the Ecumenical Temple
  4589 | Temple   | Became a worshipper of Warmaster Okawaru
  4782 | D:5      | Reached skill level 10 in Axes
  4782 | D:5      | Gained mutation: You passively map the area around you. [Deep Dwarf growth]
  4782 | D:5      | Reached XP level 9. HP: 64/81 MP: 7/7
  4854 | D:5      | Noticed Menkaure
  4865 | D:5      | Killed Menkaure
  4865 | D:5      | Reached skill level 1 in Invocations
  4938 | D:6      | Noticed ConnectionFaild's ghost (novice CeHu)
  4956 | D:6      | Killed ConnectionFaild's ghost
  4956 | D:6      | Reached * piety under Okawaru
  4956 | D:6      | Reached skill level 5 in Dodging
  5254 | D:6      | Gained mutation: You are clumsy. (Dex -2) [potion of mutation]
  5254 | D:6      | Gained mutation: Scrolls take you a little longer to read. [potion of mutation]
  5254 | D:6      | Lost mutation: You are clumsy. (Dex -2) [potion of mutation]
  5255 | D:6      | Lost mutation: Scrolls take you a little longer to read. [potion of mutation]
  5255 | D:6      | Gained mutation: You are clumsy. (Dex -2) [potion of mutation]
  5255 | D:6      | Gained mutation: You are robust. (+10% HP) [potion of mutation]
  6416 | D:7      | Reached ** piety under Okawaru
  6423 | D:7      | Reached XP level 10. HP: 98/100 MP: 9/9
  6428 | D:7      | Reached skill level 11 in Axes
  6477 | D:8      | Noticed Pikel
  6519 | D:8      | Killed Pikel
  6519 | D:8      | Reached skill level 5 in Invocations
  6609 | D:8      | Reached *** piety under Okawaru
  7358 | D:9      | Noticed Psyche
  7410 | D:9      | Killed Psyche
  7427 | D:9      | Noticed a two-headed ogre
  7907 | D:9      | Noticed Paps's ghost (novice GrFi)
  7954 | D:9      | Killed a two-headed ogre
  7954 | D:9      | Reached **** piety under Okawaru
  7988 | D:9      | Found a staircase to the Lair.
  7991 | Lair:1   | Entered Level 1 of the Lair of Beasts
  7994 | Lair:1   | Noticed a spiny frog
  8004 | Lair:1   | HP: 4/101 [spiny frog (11)]
  8007 | Lair:1   | Killed a spiny frog
  8007 | Lair:1   | Reached XP level 11. HP: 17/110 MP: 12/12
  8019 | Lair:1   | Slain by a komodo dragon

Skill      XL: |  1  2  3  4  5  6  7  8  9 10 |
---------------+-------------------------------+-----
Axes           | 3 4 6 7 8 10 11 | 11.8
Dodging        | 1 2 4 5 7 |  7.3
Fighting       | 3 4 5 7 |  7.0
Armour         | 4 5 7 8 |  8.3
Invocations    | 4 7 |  7.3
Shields        | |  3.2

Action                   |  1- 3 |  4- 6 |  7- 9 | 10-12 || total
-------------------------+-------+-------+-------+-------++-------
Melee: War axe           |   131 |   201 |   459 |       ||   791
       Long sword        |       |       |   175 |   338 ||   513
       Broad axe         |       |       |       |    42 ||    42
Invok: Heroism           |       |       |     1 |     5 ||     6
 Abil: Heal Wounds       |       |     2 |    13 |     6 ||    21
Evoke: Wand              |       |       |     1 |     1 ||     2
  Use: Scroll            |       |       |    11 |     1 ||    12
       Potion            |       |       |     6 |     1 ||     7
  Eat: Chunk             |     1 |     4 |    14 |     8 ||    27
       Meat ration       |       |       |     1 |       ||     1
       Royal jelly       |       |       |       |     2 ||     2
Armor: Scale mail        |    76 |    82 |   141 |       ||   299
       Chain mail        |       |       |   136 |   126 ||   262
       Plate armour      |       |       |       |   140 ||   140
Dodge: Dodged            |    45 |    62 |   205 |   171 ||   483
Block: Shield            |    70 |    81 |   326 |   246 ||   723
       Rpst.: Long sword |       |       |    22 |    48 ||    70
